 Dungeon Crawl Stone Soup version 0.25.1-2-g60ff931df9 (webtiles) character file.

Game seed: 3428914502111780512

201 Martska the Archer (level 5, 0/44 HPs)
             Began as a Centaur Hunter on Oct 13, 2020.
             Slain by a phantom (9 damage)
             ... on level 4 of the Dungeon.
             The game lasted 00:09:19 (3137 turns).

Martska the Archer (Centaur Hunter)                 Turns: 3137, Time: 00:09:19

Health: 0/44       AC:  8    Str: 15    XL:     5   Next: 50%
Magic:  6/6        EV:  7    Int: 10    God:
Gold:   139        SH:  0    Dex: 10    Spells: 5/5 levels left

rFire    . . .     SeeInvis .   b - +0 short sword
rCold    . . .     Gourm    .   (no shield)
rNeg     . . .     Faith    .   c - +0 leather armour
rPois    .         Spirit   .   (no helmet)
rElec    .         Reflect  .   (no cloak)
rCorr    .         Harm     .   (no gloves)
MR       .....                  o - +0 centaur barding
Stlth    +.........             j - amulet of regeneration
HPRegen  0.54/turn              (no ring)
MPRegen  0.10/turn              (no ring)

@: very quick
A: large, hooves 3, deformed body, speed 2, tough skin 3
a: no special abilities


You were on level 4 of the Dungeon.
You were hungry.

You visited 1 branch of the dungeon, and saw 4 of its levels.

You collected 139 gold pieces.

Inventory:

Hand Weapons
 a - a +1 shortbow
 b - a +0 short sword (weapon)
Missiles
 d - 20 arrows (quivered)
Armour
 c - a +0 leather armour (worn)
 o - a +0 centaur barding (worn)
Jewellery
 j - an amulet of regeneration (around neck)
Scrolls
 e - 3 scrolls of teleportation {unknown}
 i - a scroll of identify {unknown}
 n - a scroll of blinking {unknown}
Potions
 g - 2 potions of curing {unknown}
 k - a potion of flight {unknown}
 l - 2 potions of heal wounds {unknown}
 m - a potion of brilliance {unknown}
 p - a potion of mutation {unknown}
Comestibles
 f - 4 rations


   Skills:
 * Level 2.8 Fighting
 * Level 8.1 Bows
 - Level 1.3 Dodging
 - Level 0.4 Stealth
 + Level 1.1 Unarmed Combat
 * Level 0.8 Spellcasting


You had 5 spell levels left.
You didn't know any spells.
Your spell library was empty.

Dungeon Overview and Level Annotations

Branches:
Dungeon (4/15)
 Temple: D:4-7

Altars:
Elyvilon
Fedhas
Wu Jian


Innate Abilities, Weirdness & Mutations

You have hooves in place of feet.
Armour fits poorly on your strangely shaped body.
You cover ground very quickly.
You have extremely tough skin. (AC +3)


Message History

The phantom is almost destroyed.
The phantom hits you!
You hit the phantom. Your kick misses the phantom.
The phantom is almost destroyed.
The phantom hits you but does no damage.
The phantom hits you.
You miss the phantom. Your kick misses the phantom.
The phantom is almost destroyed.
The phantom hits you.
You hit the phantom. Your kick misses the phantom.
The phantom is almost destroyed.
The phantom blinks!
The phantom hits you!
* * * LOW HITPOINT WARNING * * *
The phantom blinks!
The phantom blinks!
You closely miss the phantom. Your kick misses the phantom.
The phantom is almost destroyed.
The phantom hits you!
You die...

#.#######.##..##.##.
#.#....##.##........
#.#............#.###
#.#....##.##.....###
#.#....##.####.####.
#.#..####.# #.# #. #.#.##
##.####.####. #.#W#
#............
####..@####..####.####.
#............# #.# #.
...!#.$ยง#####.<####.# #.
#####...### #.......# #.
#.......###..####.# #.
#...........#.....####.
..........##..##.........
#####.#######.####.#.....
...........##.._..####


You could see a phantom.

Vanquished Creatures
  A worker ant (D:4)
  4 gnolls (D:3)
  6 adders
  4 worms
  3 dart slugs
  An orc (D:2)
  6 bats
  7 giant cockroaches
  5 goblins
  6 hobgoblins
  4 jackals (D:3)
  2 ball pythons (D:3)
  5 frilled lizards
  10 kobolds
  12 rats
76 creatures vanquished.

Notes
Turn   | Place    | Note
-------+----------+-------------------------------------------
     0 | D:1      | Martska the Centaur Hunter began the quest for the Orb.
     0 | D:1      | Reached XP level 1. HP: 17/17 MP: 1/1
   404 | D:1      | Reached XP level 2. HP: 23/24 MP: 2/2
   441 | D:1      | Reached skill level 6 in Bows
   952 | D:2      | Found a white marble altar of Elyvilon.
   990 | D:2      | Reached XP level 3. HP: 16/29 MP: 3/3
  1301 | D:2      | Reached skill level 7 in Bows
  1609 | D:2      | Reached XP level 4. HP: 32/36 MP: 4/4
  1725 | D:2      | Found a blossoming altar of Fedhas.
  2593 | D:3      | Reached XP level 5. HP: 42/42 MP: 5/5
  2604 | D:3      | Reached skill level 8 in Bows
  2654 | D:3      | Reached skill level 1 in Unarmed Combat
  2856 | D:4      | Found an ornate altar of the Wu Jian Council.
  2891 | D:4      | Noticed a phantom
  3137 | D:4      | Slain by a phantom

Illustrated notes

Levels and vault maps discovered:
D:1:      lemuel_arrival_behind_the_door_large, layout_loops_ring
D:2:      layout_basic, old_standard_altar, fedhas_altar_3,
          minmay_misc_feat_doors
D:3:      layout_loops_ring
D:4:      layout_loops_ring, lemuel_crystal_altar, serial_co_window_serial,
          co_window_paths_a, co_window_corner_a, co_window_corner_a,
          co_window_of_opportunity_a, co_window_of_opportunity_a,
          co_window_of_opportunity_a, co_window_paths_b, co_window_broadway_a,
          co_window_of_opportunity_c, co_window_2corner, co_window_broadway_b,
          co_window_paths_c, co_window_corner_b, kennysheep_generic_room_11

Skill      XL: |  1  2  3  4  5 |
---------------+----------------+-----
Bows           | 6 7 8 |  8.1
Unarmed Combat | 1 |  1.1
Fighting       | |  2.8
Dodging        | |  1.3
Stealth        | |  0.4
Spellcasting   | |  0.8

Action                   |  1- 3 |  4- 6 || total
-------------------------+-------+-------++-------
Melee: Short sword       |    82 |   155 ||   237
       Kick              |    16 |    33 ||    49
 Fire: Shortbow          |    38 |    21 ||    59
  Eat: Chunk             |     1 |     4 ||     5
Armor: Leather armour    |    52 |    61 ||   113
Dodge: Dodged            |    55 |    54 ||   109
